NEW YORK Rangers vs NASHVILLE Predators

Created - 25 février 2024 at 14:45

Goals
1 2 3 T
NEW YORK Rangers 0 1 2 3
NASHVILLE Predators 1 2 1 4
Shots
1 2 3 T
NEW YORK Rangers 9 7 8 24
NASHVILLE Predators 12 11 13 36

1st period

1. NASHVILLE Predators , Brent Burns 4 (Aleksander Barkov 14) at 12:42 (PP)

Penalties :
Esa Lindell (NSH) for Holding (Minor) at 0:45, Dante Fabbro (NYR) for High sticking (Minor) at 8:36, Jamie Benn (NYR) for Delaying the game (Minor) at 11:52, Chris Kreider (NYR) for Hooking (Minor) at 15:44

2nd period

2. NASHVILLE Predators , Dmitry Kulikov 1 (Travis Hamonic 11) at 1:51
3. NASHVILLE Predators , Pavel Zacha 6 (Brent Burns 9, Dylan Larkin 15) at 7:05
4. NEW YORK Rangers , Chris Kreider 15 (Jamie Benn 25) at 15:09

Penalties :
Jacob Middleton (NYR) for Elbowing (Minor) at 12:25, Pavel Zacha (NSH) for Cross-checking (Minor) at 15:12

3rd period

5. NASHVILLE Predators , Aleksander Barkov 5 (Esa Lindell 14, Luke Schenn 6) at 12:15
6. NEW YORK Rangers , Brayden Schenn 4 (Justin Faulk 17, Jared Spurgeon 17) at 15:39
7. NEW YORK Rangers , Jared Spurgeon 8 (Jamie Benn 26) at 19:21

Penalties :
Justin Faulk (NYR) for Close Hand On Puck (Minor) at 0:19, Brent Burns (NSH) for Roughing (Minor) at 4:59, Tyler Myers (NYR) for Goalie Interference (Minor) at 12:34, Tyler Myers (NYR) for Holding (Minor) at 16:09

Goalie Stats

Linus Ullmark (NYR), 32 saves from 36 shots - (0,889), L, 13-5-3, 59:25 minutes
Juuse Saros (NSH), 21 saves from 24 shots - (0,875), W, 16-3-4, 60:00 minutes

Players Stats for NEW YORK Rangers

Player Name              G  A  P  +/- PIM S  H  SB GA TA FO     MP     PP MP  PK MP  
------------------------------------------------------------------------------------
Andrew Copp              0  0  0  -1  0   1  0  1  0  0  6/11   13:21   3:40   0:34 
Brayden Schenn           1  0  1   1  0   2  3  0  0  0  11/26  21:52   2:17   5:39 
Cam Fowler               0  0  0  -1  0   2  0  0  0  0  0/0    20:24   2:35   5:45 
Casey Cizikas            0  0  0   0  0   0  0  0  0  0  2/6     5:59   0:00   0:00 
Chris Kreider            1  0  1   0  2   2  0  0  0  0  0/2    23:29   3:40   6:55 
Conor Garland            0  0  0   1  0   4  0  0  0  0  0/0    13:56   0:00   0:00 
Dante Fabbro             0  0  0   0  2   0  3  1  0  0  0/0    14:18   0:00   0:00 
Jacob Middleton          0  0  0   0  2   0  3  1  0  0  0/0    16:22   0:00   2:04 
Jamie Benn               0  2  2   0  2   2  2  0  0  0  25/45  23:57   3:40   7:23 
Jared Spurgeon           1  1  2   1  0   2  1  4  0  0  0/0    25:53   3:22   7:35 
Justin Faulk             0  1  1   1  2   2  3  2  0  0  0/0    23:58   3:22   5:41 
Kasperi Kapanen          0  0  0  -1  0   1  0  0  0  0  0/0    10:46   2:17   0:00 
Kirill Marchenko         0  0  0  -1  0   0  0  0  0  0  0/0     8:29   0:00   0:00 
Mats Zuccarello          0  0  0   0  0   3  0  0  0  0  0/1    12:17   0:00   0:00 
Ryan Lomberg             0  0  0   0  0   1  0  0  0  0  0/0     5:59   0:00   0:00 
Timo Meier               0  0  0   1  0   0  0  0  0  0  1/2    20:10   2:17   3:57 
Tyler Myers              0  0  0  -1  4   1  3  2  0  0  0/0    19:00   2:35   4:23 
Vladislav Namestnikov    0  0  0   0  0   1  0  0  0  0  0/0     6:59   0:00   1:00 

Players Stats for NASHVILLE Predators

Player Name              G  A  P  +/- PIM S  H  SB GA TA FO     MP     PP MP  PK MP  
------------------------------------------------------------------------------------
Aleksander Barkov        1  1  2   0  0   5  0  0  0  0  16/31  21:29   4:52   0:53 
Alex DeBrincat           0  0  0   0  0   2  2  0  0  0  1/2    20:42   4:52   0:06 
Brent Burns              1  1  2   0  2   7  1  3  0  0  0/0    24:12   6:36   0:00 
Dmitry Kulikov           1  0  1  -1  0   1  1  2  0  0  0/0    12:20   0:48   0:55 
Dylan Gambrell           0  0  0  -1  0   1  0  0  0  0  1/2     6:31   0:00   0:00 
Dylan Larkin             0  1  1   1  0   4  2  0  0  0  17/32  18:06   7:04   0:00 
Esa Lindell              0  1  1   1  2   1  1  1  0  0  0/0    21:39   5:20   2:06 
Jaccob Slavin            0  0  0   0  0   1  1  1  0  0  0/0    26:00   6:36   2:56 
Jean-Gabriel Pageau      0  0  0   0  0   2  0  1  0  0  8/15   12:35   0:48   3:45 
Jimmy Vesey              0  0  0   0  0   0  1  0  0  0  1/1    10:40   0:48   1:50 
Johnny Gaudreau          0  0  0   1  0   1  0  0  0  0  1/2    16:42   5:40   0:00 
Jonatan Berggren         0  0  0  -1  0   0  0  0  0  0  0/0     6:31   0:00   0:00 
Luke Schenn              0  1  1   1  0   0  1  1  0  0  0/0    16:06   0:00   3:01 
Nicholas Robertson       0  0  0  -1  0   0  1  0  0  0  0/0     6:31   0:00   0:00 
Pavel Zacha              1  0  1   1  2   6  1  0  0  0  2/3    19:24   7:04   1:19 
Reilly Smith             0  0  0   0  0   2  0  1  0  0  0/2    15:44   7:04   0:00 
Tanner Jeannot           0  0  0   0  0   1  1  0  0  0  1/3    19:07   0:00   4:01 
Travis Hamonic           0  1  1  -1  0   2  3  2  0  0  0/0    19:41   6:08   2:56 

3 Stars

1 - Jared Spurgeon (NYR)
2 - Aleksander Barkov (NSH)
3 - Brayden Schenn (NYR)

Power Play

NEW YORK Rangers - 0 on 3 Attempt(s) - 0,00%
NASHVILLE Predators - 1 on 7 Attempt(s) - 14,29%

Penalty Kill

NEW YORK Rangers - 6 on 7 Attempt(s) - 85,71% - Score 0 goal in Penalty Kill
NASHVILLE Predators - 3 on 3 Attempt(s) - 100,00% - Score 0 goal in Penalty Kill

Team Stat

NEW YORK Rangers - Hits : 18 - Faceoff Wins : 45 - Blocked Shots : 11 - Penalty Minutes : 14
NASHVILLE Predators - Hits : 16 - Faceoff Wins : 48 - Blocked Shots : 12 - Penalty Minutes : 6

Official

Referees : Bill Hetherington and Marc Joannette
Linesman : Devin Berg and Jesse Marquis

Game Notes

No Game Note

Finance

Level 1 -- Attendance: 6371 (91,01%) -- Ticket Income $605,245
Level 2 -- Attendance: 5054 (84,23%) -- Ticket Income $277,970
Level 3 -- Attendance: 2551 (85,03%) -- Ticket Income $81,632
Level 4 -- Attendance: 4266 (85,32%) -- Ticket Income $85,320
Luxury Box -- Attendance: 870 (83,65%) -- Ticket Income $174,000
Game was played at the Bridgestone Arena.
Total Attendance: 19112 (86,72%)
Total Ticket Income: $1,224,167
Other Income: $306,042
Total Income: $1,530,209

NEW YORK Rangers

5 vs 5 Forward 
   Center                   Left Wing                Right Wing               Time % Phy DF OF 
 1 Jamie Benn               Chris Kreider            Mats Zuccarello          40     1   1  3  
 2 Brayden Schenn           Timo Meier               Conor Garland            30     1   2  2  
 3 Andrew Copp              Kasperi Kapanen          Kirill Marchenko         20     1   3  1  
 4 Casey Cizikas            Ryan Lomberg             Vladislav Namestnikov    10     3   2  0  

5 vs 5 Defense 
   Defense                  Defense                                           Time % Phy DF OF 
 1 Jared Spurgeon           Justin Faulk                                      40     1   2  2  
 2 Cam Fowler               Tyler Myers                                       33     1   2  2  
 3 Jacob Middleton          Dante Fabbro                                      26     3   2  0  
 4 Jared Spurgeon           Justin Faulk                                      1      1   2  2  

PowerPlay Forward 
   Center                   Left Wing                Right Wing               Time % Phy DF OF 
 1 Jamie Benn               Chris Kreider            Andrew Copp              60     1   2  2  
 2 Brayden Schenn           Timo Meier               Kasperi Kapanen          40     1   2  2  

PowerPlay Defense
   Defense                  Defense                                           Time % Phy DF OF 
 1 Jared Spurgeon           Justin Faulk                                      60     1   2  2  
 2 Cam Fowler               Tyler Myers                                       40     1   2  2  

Penalty Kill 4 Players Forward 
   Center                   Wing                     Time % Phy DF OF 
 1 Jamie Benn               Chris Kreider            60     1   2  2  
 2 Brayden Schenn           Timo Meier               40     1   2  2  

Penalty Kill 4 Players Defense
   Defense                  Defense                  Time % Phy DF OF 
 1 Jared Spurgeon           Justin Faulk             60     1   2  2  
 2 Cam Fowler               Tyler Myers              40     1   2  2  

Penalty Kill - 3 Players Forward 
   Forward                                           Time % Phy DF OF 
 1 Jamie Benn                                        60     1   2  2  
 2 Brayden Schenn                                    40     1   2  2  

Penalty Kill - 3 Players Defense
   Defense                  Defense                  Time % Phy DF OF 
 1 Jared Spurgeon           Justin Faulk             60     1   2  2  
 2 Cam Fowler               Tyler Myers              40     1   2  2  

4 vs 4 Forward 
   Center                   Wing                     Time % Phy DF OF 
 1 Jamie Benn               Chris Kreider            60     1   2  2  
 2 Brayden Schenn           Timo Meier               40     1   2  2  

4 vs 4 Defense
   Defense                  Defense                  Time % Phy DF OF 
 1 Jared Spurgeon           Justin Faulk             60     1   2  2  
 2 Cam Fowler               Tyler Myers              40     1   2  2  

Last Minutes Offensive
   Center                   Left Wing                Right Wing               Defense                  Defense                  
   Jamie Benn               Chris Kreider            Andrew Copp              Jared Spurgeon           Justin Faulk             

Last Minutes Defensive
   Center                   Left Wing                Right Wing               Defense                  Defense                  
   Jamie Benn               Chris Kreider            Andrew Copp              Jared Spurgeon           Justin Faulk             

Goaltenders
Starting : Linus Ullmark            
Backup : Eric Comrie              

Extra Forwards
Normal : Brayden Schenn, Andrew Copp, Conor Garland - PP : Brayden Schenn, Andrew Copp - PK : Brayden Schenn
Extra Defensemen
Normal : Tyler Myers, Jacob Middleton, Dante Fabbro - PP : Tyler Myers - PK : Tyler Myers, Jacob Middleton
Penalty Shots
Jamie Benn, Chris Kreider, Timo Meier, Mats Zuccarello, Brayden Schenn

Scratches
Mason Shaw (Healthy)

NASHVILLE Predators

5 vs 5 Forward 
   Center                   Left Wing                Right Wing               Time % Phy DF OF 
 1 Aleksander Barkov        Alex DeBrincat           Tanner Jeannot           40     1   2  2  
 2 Dylan Larkin             Johnny Gaudreau          Pavel Zacha              30     0   2  3  
 3 Jean-Gabriel Pageau      Jimmy Vesey              Reilly Smith             20     2   2  1  
 4 Dylan Gambrell           Nicholas Robertson       Jonatan Berggren         10     1   2  2  

5 vs 5 Defense 
   Defense                  Defense                                           Time % Phy DF OF 
 1 Brent Burns              Jaccob Slavin                                     40     0   3  2  
 2 Esa Lindell              Luke Schenn                                       30     1   2  2  
 3 Travis Hamonic           Dmitry Kulikov                                    20     1   3  1  
 4 Esa Lindell              Brent Burns                                       10     1   2  2  

PowerPlay Forward 
   Center                   Left Wing                Right Wing               Time % Phy DF OF 
 1 Aleksander Barkov        Johnny Gaudreau          Alex DeBrincat           60     0   1  4  
 2 Dylan Larkin             Reilly Smith             Pavel Zacha              40     0   1  4  

PowerPlay Defense
   Defense                  Defense                                           Time % Phy DF OF 
 1 Brent Burns              Jaccob Slavin                                     60     1   1  3  
 2 Esa Lindell              Travis Hamonic                                    40     1   1  3  

Penalty Kill 4 Players Forward 
   Center                   Wing                     Time % Phy DF OF 
 1 Jean-Gabriel Pageau      Tanner Jeannot           60     1   3  1  
 2 Pavel Zacha              Jimmy Vesey              40     1   3  1  

Penalty Kill 4 Players Defense
   Defense                  Defense                  Time % Phy DF OF 
 1 Travis Hamonic           Jaccob Slavin            60     1   3  1  
 2 Esa Lindell              Luke Schenn              40     1   3  1  

Penalty Kill - 3 Players Forward 
   Forward                                           Time % Phy DF OF 
 1 Aleksander Barkov                                 60     1   3  1  
 2 Jean-Gabriel Pageau                               40     1   3  1  

Penalty Kill - 3 Players Defense
   Defense                  Defense                  Time % Phy DF OF 
 1 Brent Burns              Jaccob Slavin            60     1   3  1  
 2 Esa Lindell              Luke Schenn              40     1   3  1  

4 vs 4 Forward 
   Center                   Wing                     Time % Phy DF OF 
 1 Aleksander Barkov        Alex DeBrincat           60     1   2  2  
 2 Dylan Larkin             Johnny Gaudreau          40     1   2  2  

4 vs 4 Defense
   Defense                  Defense                  Time % Phy DF OF 
 1 Brent Burns              Jaccob Slavin            60     1   2  2  
 2 Esa Lindell              Luke Schenn              40     1   2  2  

Last Minutes Offensive
   Center                   Left Wing                Right Wing               Defense                  Defense                  
   Aleksander Barkov        Alex DeBrincat           Reilly Smith             Brent Burns              Jaccob Slavin            

Last Minutes Defensive
   Center                   Left Wing                Right Wing               Defense                  Defense                  
   Aleksander Barkov        Alex DeBrincat           Reilly Smith             Brent Burns              Jaccob Slavin            

Goaltenders
Starting : Juuse Saros              
Backup : Charlie Lindgren         

Extra Forwards
Normal : Jean-Gabriel Pageau, Jimmy Vesey, Tanner Jeannot - PP : Jean-Gabriel Pageau, Jimmy Vesey - PK : Tanner Jeannot
Extra Defensemen
Normal : Travis Hamonic, Dmitry Kulikov, Luke Schenn - PP : Travis Hamonic - PK : Dmitry Kulikov, Luke Schenn
Penalty Shots
Alex DeBrincat, Dylan Larkin, Johnny Gaudreau, Aleksander Barkov, Reilly Smith

Scratches
None


% Time on Ice - NEW YORK Rangers

Lines # - Real PCT - Wanted PCT - Time Play
Normal Forward
1 - 30% - 40% - 12:17
2 - 34% - 30% - 13:56
3 - 21% - 20% - 8:29
4 - 15% - 10% - 5:59
Normal Defense
1 - 35% - 40% - 14:18
2 - 30% - 33% - 12:04
3 - 35% - 26% - 14:19
4 - 0% - 1% - 0:00
PP Forward
1 - 62% - 60% - 3:40
2 - 38% - 40% - 2:17
PP Defense
1 - 57% - 60% - 3:22
2 - 43% - 40% - 2:35
PK Forward
1 - 69% - 60% - 8:47
2 - 31% - 40% - 3:57
PK Defense
1 - 55% - 60% - 7:04
2 - 45% - 40% - 5:40
PK3 Forward
1 - 0% - 60%
2 - 0% - 40%
PK3 Defense
1 - 0% - 60%
2 - 0% - 40%
44 Forward
1 - 0% - 60%
2 - 0% - 40%
44 Defense
1 - 0% - 60%
2 - 0% - 40%
Last Minute Offensive  - 0:38
Last Minute Defensive  - 0:00
Total
Forward - 60:00
Defense - 60:00

% Time on Ice - NASHVILLE Predators

Lines # - Real PCT - Wanted PCT - Time Play
Normal Forward
1 - 37% - 40% - 15:06
2 - 27% - 30% - 11:02
3 - 20% - 20% - 8:02
4 - 16% - 10% - 6:31
Normal Defense
1 - 39% - 40% - 15:50
2 - 32% - 30% - 13:05
3 - 26% - 20% - 10:37
4 - 3% - 10% - 1:09
PP Forward
1 - 45% - 60% - 5:40
2 - 55% - 40% - 7:04
PP Defense
1 - 52% - 60% - 6:36
2 - 48% - 40% - 6:08
PK Forward
1 - 69% - 60% - 4:07
2 - 31% - 40% - 1:50
PK Defense
1 - 49% - 60% - 2:56
2 - 51% - 40% - 3:01
PK3 Forward
1 - 0% - 60%
2 - 0% - 40%
PK3 Defense
1 - 0% - 60%
2 - 0% - 40%
44 Forward
1 - 0% - 60%
2 - 0% - 40%
44 Defense
1 - 0% - 60%
2 - 0% - 40%
Last Minute Offensive  - 0:00
Last Minute Defensive  - 0:38
Total
Forward - 60:00
Defense - 60:00

Play-by-Play

1st period


0:01 of 1st period - Jamie Benn wins face-off versus Aleksander Barkov in neutral zone.
0:13 of 1st period - Icing by Brent Burns.
0:14 of 1st period - Brayden Schenn wins face-off versus Aleksander Barkov in NASHVILLE Predators zone.
0:30 of 1st period - Alex DeBrincat is hit by Tyler Myers.
0:42 of 1st period - Shot by Conor Garland.
0:42 of 1st period - Stopped by Juuse Saros without a rebound.
0:43 of 1st period - Andrew Copp wins face-off versus Dylan Larkin in NASHVILLE Predators zone.
0:45 of 1st period - Minor Penalty to Esa Lindell for Holding.
0:46 of 1st period - Jamie Benn wins face-off versus Jean-Gabriel Pageau in NASHVILLE Predators zone.
1:44 of 1st period - Icing by Tyler Myers.
1:45 of 1st period - Brayden Schenn wins face-off versus Tanner Jeannot in NEW YORK Rangers zone.
1:52 of 1st period - Shot by Tyler Myers.
1:52 of 1st period - Shot Blocked by Travis Hamonic.
1:54 of 1st period - Shot by Tyler Myers.
1:54 of 1st period - Stopped by Juuse Saros without a rebound.
1:55 of 1st period - Jean-Gabriel Pageau wins face-off versus Timo Meier in NASHVILLE Predators zone.
2:04 of 1st period - Shot by Tyler Myers.
2:04 of 1st period - Shot Blocked by Jaccob Slavin.
2:26 of 1st period - Shot by Cam Fowler.
2:26 of 1st period - Stopped by Juuse Saros without a rebound.
2:27 of 1st period - Pavel Zacha wins face-off versus Jamie Benn in NASHVILLE Predators zone.
2:36 of 1st period - Shot by Jared Spurgeon.
2:36 of 1st period - Stopped by Juuse Saros without a rebound.
2:37 of 1st period - Pavel Zacha wins face-off versus Jamie Benn in NASHVILLE Predators zone.
3:47 of 1st period - Icing by Chris Kreider.
3:48 of 1st period - Jamie Benn wins face-off versus Dylan Larkin in NEW YORK Rangers zone.
5:20 of 1st period - Shot by Aleksander Barkov.
5:20 of 1st period - Stopped by Linus Ullmark with a rebound.
6:34 of 1st period - Shot by Travis Hamonic.
6:34 of 1st period - Shot Blocked by Justin Faulk.
6:42 of 1st period - Shot by Ryan Lomberg.
6:42 of 1st period - Shot Hit the Post.
6:50 of 1st period - Shot by Ryan Lomberg.
6:50 of 1st period - Shot Misses the Net.
7:24 of 1st period - Shot by Chris Kreider.
7:24 of 1st period - Shot Blocked by Brent Burns.
7:26 of 1st period - Shot by Mats Zuccarello.
7:26 of 1st period - Stopped by Juuse Saros without a rebound.
7:27 of 1st period - Aleksander Barkov wins face-off versus Brayden Schenn in NASHVILLE Predators zone.
7:48 of 1st period - Shot by Aleksander Barkov.
7:48 of 1st period - Shot Misses the Net.
8:29 of 1st period - Pavel Zacha is hit by Brayden Schenn and loses puck.
8:35 of 1st period - Luke Schenn is hit by Jacob Middleton and loses puck.
8:36 of 1st period - Minor Penalty to Dante Fabbro for High sticking.
8:37 of 1st period - Dylan Larkin wins face-off versus Jamie Benn in NEW YORK Rangers zone.
9:23 of 1st period - Icing by Travis Hamonic.
9:24 of 1st period - Dylan Larkin wins face-off versus Jamie Benn in NASHVILLE Predators zone.
9:43 of 1st period - Shot by Brent Burns.
9:43 of 1st period - Stopped by Linus Ullmark without a rebound.
9:44 of 1st period - Brayden Schenn wins face-off versus Aleksander Barkov in NEW YORK Rangers zone.
9:44 of 1st period - Brayden Schenn is hit by Alex DeBrincat.
10:02 of 1st period - Alex DeBrincat is hit by Tyler Myers and loses puck.
10:11 of 1st period - Shot by Aleksander Barkov.
10:11 of 1st period - Shot Blocked by Tyler Myers.
10:13 of 1st period - Shot by Brent Burns.
10:13 of 1st period - Stopped by Linus Ullmark without a rebound.
10:14 of 1st period - Dylan Larkin wins face-off versus Jamie Benn in NEW YORK Rangers zone.
10:18 of 1st period - Pavel Zacha is hit by Justin Faulk and loses puck.
10:41 of 1st period - Shot by Travis Hamonic.
10:41 of 1st period - Stopped by Linus Ullmark without a rebound.
10:42 of 1st period - Andrew Copp wins face-off versus Aleksander Barkov in NEW YORK Rangers zone.
10:42 of 1st period - Andrew Copp is hit by Alex DeBrincat.
10:49 of 1st period - Icing by Kasperi Kapanen.
10:50 of 1st period - Aleksander Barkov wins face-off versus Andrew Copp in NEW YORK Rangers zone.
11:52 of 1st period - Minor Penalty to Jamie Benn for Delaying the game.
11:53 of 1st period - Dylan Larkin wins face-off versus Brayden Schenn in NEW YORK Rangers zone.
11:56 of 1st period - Shot by Dylan Larkin.
11:56 of 1st period - Stopped by Linus Ullmark without a rebound.
11:57 of 1st period - Dylan Larkin wins face-off versus Brayden Schenn in NEW YORK Rangers zone.
12:08 of 1st period - Shot by Pavel Zacha.
12:08 of 1st period - Stopped by Linus Ullmark without a rebound.
12:09 of 1st period - Aleksander Barkov wins face-off versus Brayden Schenn in NEW YORK Rangers zone.
12:10 of 1st period - Shot by Jaccob Slavin.
12:10 of 1st period - Shot Misses the Net.
12:12 of 1st period - Shot by Aleksander Barkov.
12:12 of 1st period - Shot Misses the Net.
12:24 of 1st period - Shot by Brent Burns.
12:24 of 1st period - Stopped by Linus Ullmark without a rebound.
12:25 of 1st period - Brayden Schenn wins face-off versus Dylan Larkin in NEW YORK Rangers zone.
12:33 of 1st period - Esa Lindell is hit by Jared Spurgeon and loses puck.
12:38 of 1st period - Shot by Reilly Smith.
12:38 of 1st period - Shot Blocked by Justin Faulk.
12:40 of 1st period - Shot by Pavel Zacha.
12:40 of 1st period - Stopped by Linus Ullmark without a rebound.
12:41 of 1st period - Aleksander Barkov wins face-off versus Brayden Schenn in NEW YORK Rangers zone.
12:42 of 1st period - Shot by Brent Burns.
12:42 of 1st period - Goal by Brent Burns - NEW YORK Rangers : 0 - NASHVILLE Predators : 1.
12:43 of 1st period - Jamie Benn wins face-off versus Dylan Larkin in neutral zone.
12:45 of 1st period - Off-side.
12:46 of 1st period - Jamie Benn wins face-off versus Dylan Larkin in neutral zone.
13:37 of 1st period - Icing by Brent Burns.
13:38 of 1st period - Brayden Schenn wins face-off versus Dylan Larkin in NASHVILLE Predators zone.
13:38 of 1st period - Brayden Schenn is hit by Brent Burns.
14:08 of 1st period - Shot by Aleksander Barkov.
14:08 of 1st period - Stopped by Linus Ullmark without a rebound.
14:09 of 1st period - Andrew Copp wins face-off versus Reilly Smith in NEW YORK Rangers zone.
14:18 of 1st period - Shot by Kasperi Kapanen.
14:18 of 1st period - Stopped by Juuse Saros without a rebound.
14:19 of 1st period - Aleksander Barkov wins face-off versus Mats Zuccarello in NASHVILLE Predators zone.
14:37 of 1st period - Off-side.
14:38 of 1st period - Jimmy Vesey wins face-off versus Brayden Schenn in neutral zone.
14:50 of 1st period - Shot by Timo Meier.
14:50 of 1st period - Shot Blocked by Jean-Gabriel Pageau.
14:58 of 1st period - Shot by Conor Garland.
14:58 of 1st period - Stopped by Juuse Saros without a rebound.
14:59 of 1st period - Aleksander Barkov wins face-off versus Jamie Benn in NASHVILLE Predators zone.
15:10 of 1st period - Shot by Chris Kreider.
15:10 of 1st period - Stopped by Juuse Saros without a rebound.
15:11 of 1st period - Jean-Gabriel Pageau wins face-off versus Brayden Schenn in NASHVILLE Predators zone.
15:25 of 1st period - Icing by Brent Burns.
15:26 of 1st period - Jean-Gabriel Pageau wins face-off versus Jamie Benn in NASHVILLE Predators zone.
15:44 of 1st period - Minor Penalty to Chris Kreider for Hooking.
15:45 of 1st period - Jamie Benn wins face-off versus Aleksander Barkov in NEW YORK Rangers zone.
16:42 of 1st period - Shot by Reilly Smith.
16:42 of 1st period - Stopped by Linus Ullmark without a rebound.
16:43 of 1st period - Dylan Larkin wins face-off versus Brayden Schenn in NEW YORK Rangers zone.
16:43 of 1st period - Dylan Larkin is hit by Justin Faulk.
17:19 of 1st period - Shot by Pavel Zacha.
17:19 of 1st period - Stopped by Linus Ullmark without a rebound.
17:20 of 1st period - Brayden Schenn wins face-off versus Aleksander Barkov in NEW YORK Rangers zone.
18:11 of 1st period - Jacob Middleton is hit by Nicholas Robertson and loses puck.
19:11 of 1st period - Shot by Reilly Smith.
19:11 of 1st period - Shot Blocked by Jacob Middleton.
19:39 of 1st period - Shot by Mats Zuccarello.
19:39 of 1st period - Shot Blocked by Brent Burns.
19:41 of 1st period - Shot by Mats Zuccarello.
19:41 of 1st period - Stopped by Juuse Saros without a rebound.
19:42 of 1st period - Brayden Schenn wins face-off versus Dylan Larkin in NASHVILLE Predators zone.
19:46 of 1st period - Icing by Luke Schenn.
19:47 of 1st period - Jamie Benn wins face-off versus Dylan Larkin in NASHVILLE Predators zone.
19:54 of 1st period - Shot by Jamie Benn.
19:54 of 1st period - Shot Misses the Net.
Goals for this period are 0 for NEW YORK Rangers vs 1 for NASHVILLE Predators.
Shots for this period are 9 for NEW YORK Rangers vs 12 for NASHVILLE Predators.

2nd period


0:01 of 2nd period - Tanner Jeannot wins face-off versus Jamie Benn in neutral zone.
0:03 of 2nd period - Off-side.
0:04 of 2nd period - Aleksander Barkov wins face-off versus Jamie Benn in neutral zone.
0:06 of 2nd period - Jaccob Slavin is hit by Jamie Benn.
0:26 of 2nd period - Icing by Jaccob Slavin.
0:27 of 2nd period - Aleksander Barkov wins face-off versus Brayden Schenn in NASHVILLE Predators zone.
0:27 of 2nd period - Aleksander Barkov is hit by Brayden Schenn.
1:29 of 2nd period - Shot by Johnny Gaudreau.
1:29 of 2nd period - Shot Misses the Net.
1:43 of 2nd period - Shot by Dylan Larkin.
1:43 of 2nd period - Stopped by Linus Ullmark without a rebound.
1:44 of 2nd period - Jean-Gabriel Pageau wins face-off versus Jamie Benn in NEW YORK Rangers zone.
1:51 of 2nd period - Shot by Dmitry Kulikov.
1:51 of 2nd period - Goal by Dmitry Kulikov - NEW YORK Rangers : 0 - NASHVILLE Predators : 2.
1:52 of 2nd period - Jean-Gabriel Pageau wins face-off versus Jamie Benn in neutral zone.
1:58 of 2nd period - Jamie Benn is hit by Travis Hamonic and loses puck.
2:09 of 2nd period - Shot by Reilly Smith.
2:09 of 2nd period - Deflect By Jean-Gabriel Pageau.
2:09 of 2nd period - Stopped by Linus Ullmark without a rebound.
2:10 of 2nd period - Aleksander Barkov wins face-off versus Casey Cizikas in NEW YORK Rangers zone.
3:35 of 2nd period - Shot by Johnny Gaudreau.
3:35 of 2nd period - Shot Misses the Net.
4:18 of 2nd period - Jean-Gabriel Pageau is hit by Justin Faulk and loses puck.
4:27 of 2nd period - Shot by Reilly Smith.
4:27 of 2nd period - Shot Misses the Net.
4:29 of 2nd period - Shot by Dmitry Kulikov.
4:29 of 2nd period - Shot Hit the Post.
4:31 of 2nd period - Shot by Reilly Smith.
4:31 of 2nd period - Deflect By Jean-Gabriel Pageau.
4:31 of 2nd period - Shot Misses the Net.
4:47 of 2nd period - Shot by Nicholas Robertson.
4:47 of 2nd period - Shot Misses the Net.
4:51 of 2nd period - Shot by Dylan Gambrell.
4:51 of 2nd period - Deflect By Nicholas Robertson.
4:51 of 2nd period - Shot Blocked by Jared Spurgeon.
4:53 of 2nd period - Shot by Nicholas Robertson.
4:53 of 2nd period - Shot Blocked by Jared Spurgeon.
4:55 of 2nd period - Shot by Dylan Gambrell.
4:55 of 2nd period - Stopped by Linus Ullmark without a rebound.
4:56 of 2nd period - Aleksander Barkov wins face-off versus Brayden Schenn in NEW YORK Rangers zone.
5:11 of 2nd period - Shot by Brayden Schenn.
5:11 of 2nd period - Stopped by Juuse Saros without a rebound.
5:12 of 2nd period - Andrew Copp wins face-off versus Dylan Larkin in NASHVILLE Predators zone.
5:43 of 2nd period - Shot by Cam Fowler.
5:43 of 2nd period - Deflect By Andrew Copp.
5:43 of 2nd period - Stopped by Juuse Saros without a rebound.
5:44 of 2nd period - Brayden Schenn wins face-off versus Aleksander Barkov in NASHVILLE Predators zone.
6:10 of 2nd period - Brayden Schenn is hit by Luke Schenn and loses puck.
7:05 of 2nd period - Shot by Pavel Zacha.
7:05 of 2nd period - Goal by Pavel Zacha - NEW YORK Rangers : 0 - NASHVILLE Predators : 3.
7:06 of 2nd period - Andrew Copp wins face-off versus Jean-Gabriel Pageau in neutral zone.
7:27 of 2nd period - Shot by Reilly Smith.
7:27 of 2nd period - Stopped by Linus Ullmark without a rebound.
7:28 of 2nd period - Jamie Benn wins face-off versus Pavel Zacha in NEW YORK Rangers zone.
7:38 of 2nd period - Icing by Tyler Myers.
7:39 of 2nd period - Jamie Benn wins face-off versus Jean-Gabriel Pageau in NEW YORK Rangers zone.
8:28 of 2nd period - Jaccob Slavin is hit by Jamie Benn and loses puck.
9:16 of 2nd period - Icing by Jared Spurgeon.
9:17 of 2nd period - Dylan Larkin wins face-off versus Brayden Schenn in NEW YORK Rangers zone.
9:30 of 2nd period - Shot by Conor Garland.
9:30 of 2nd period - Shot Misses the Net.
9:32 of 2nd period - Shot by Justin Faulk.
9:32 of 2nd period - Stopped by Juuse Saros with a rebound.
9:56 of 2nd period - Shot by Dylan Larkin.
9:56 of 2nd period - Stopped by Linus Ullmark without a rebound.
9:57 of 2nd period - Casey Cizikas wins face-off versus Aleksander Barkov in NEW YORK Rangers zone.
10:02 of 2nd period - Shot by Aleksander Barkov.
10:02 of 2nd period - Stopped by Linus Ullmark without a rebound.
10:03 of 2nd period - Aleksander Barkov wins face-off versus Chris Kreider in NEW YORK Rangers zone.
10:56 of 2nd period - Jamie Benn is hit by Tanner Jeannot and loses puck.
11:46 of 2nd period - Shot by Timo Meier.
11:46 of 2nd period - Shot Misses the Net.
12:25 of 2nd period - Minor Penalty to Jacob Middleton for Elbowing.
12:26 of 2nd period - Dylan Larkin wins face-off versus Jamie Benn in NEW YORK Rangers zone.
12:31 of 2nd period - Shot by Brent Burns.
12:31 of 2nd period - Stopped by Linus Ullmark without a rebound.
12:32 of 2nd period - Jamie Benn wins face-off versus Dylan Larkin in NEW YORK Rangers zone.
12:43 of 2nd period - Justin Faulk is hit by Dylan Larkin and loses puck.
13:03 of 2nd period - Icing by Brent Burns.
13:04 of 2nd period - Dylan Larkin wins face-off versus Brayden Schenn in NASHVILLE Predators zone.
13:04 of 2nd period - Dylan Larkin is hit by Brayden Schenn.
14:31 of 2nd period - Shot by Dylan Gambrell.
14:31 of 2nd period - Shot Misses the Net.
14:33 of 2nd period - Shot by Jonatan Berggren.
14:33 of 2nd period - Shot Blocked by Dante Fabbro.
14:38 of 2nd period - Dylan Gambrell is hit by Dante Fabbro.
14:42 of 2nd period - Shot by Esa Lindell.
14:42 of 2nd period - Stopped by Linus Ullmark without a rebound.
14:43 of 2nd period - Aleksander Barkov wins face-off versus Casey Cizikas in NEW YORK Rangers zone.
15:02 of 2nd period - Shot by Vladislav Namestnikov.
15:02 of 2nd period - Stopped by Juuse Saros with a rebound.
15:04 of 2nd period - Shot by Jared Spurgeon.
15:04 of 2nd period - Deflect By Ryan Lomberg.
15:04 of 2nd period - Stopped by Juuse Saros without a rebound.
15:05 of 2nd period - Jamie Benn wins face-off versus Dylan Gambrell in NASHVILLE Predators zone.
15:09 of 2nd period - Shot by Chris Kreider.
15:09 of 2nd period - Goal by Chris Kreider - NEW YORK Rangers : 1 - NASHVILLE Predators : 3.
15:10 of 2nd period - Dylan Larkin wins face-off versus Jamie Benn in neutral zone.
15:12 of 2nd period - Minor Penalty to Pavel Zacha for Cross-checking.
15:13 of 2nd period - Jamie Benn wins face-off versus Jean-Gabriel Pageau in NASHVILLE Predators zone.
15:56 of 2nd period - Shot by Justin Faulk.
15:56 of 2nd period - Stopped by Juuse Saros without a rebound.
15:57 of 2nd period - Brayden Schenn wins face-off versus Jean-Gabriel Pageau in NASHVILLE Predators zone.
15:57 of 2nd period - Brayden Schenn is hit by Travis Hamonic.
16:09 of 2nd period - Kasperi Kapanen is hit by Travis Hamonic and loses puck.
16:31 of 2nd period - Shot by Tyler Myers.
16:31 of 2nd period - Shot Misses the Net.
16:33 of 2nd period - Shot by Cam Fowler.
16:33 of 2nd period - Shot Misses the Net.
17:13 of 2nd period - Shot by Casey Cizikas.
17:13 of 2nd period - Shot Blocked by Esa Lindell.
17:27 of 2nd period - Shot by Pavel Zacha.
17:27 of 2nd period - Stopped by Linus Ullmark without a rebound.
17:28 of 2nd period - Dylan Gambrell wins face-off versus Casey Cizikas in NEW YORK Rangers zone.
17:28 of 2nd period - Dylan Gambrell is hit by Jacob Middleton.
17:39 of 2nd period - Dylan Gambrell is hit by Jacob Middleton and loses puck.
17:47 of 2nd period - Icing by Vladislav Namestnikov.
17:48 of 2nd period - Dylan Larkin wins face-off versus Casey Cizikas in NEW YORK Rangers zone.
17:54 of 2nd period - Johnny Gaudreau is hit by Dante Fabbro and loses puck.
19:02 of 2nd period - Jared Spurgeon is hit by Jaccob Slavin.
Goals for this period are 1 for NEW YORK Rangers vs 2 for NASHVILLE Predators.
Shots for this period are 7 for NEW YORK Rangers vs 11 for NASHVILLE Predators.

3rd period


0:01 of 3rd period - Jamie Benn wins face-off versus Aleksander Barkov in neutral zone.
0:19 of 3rd period - Minor Penalty to Justin Faulk for Close Hand On Puck.
0:20 of 3rd period - Jamie Benn wins face-off versus Dylan Larkin in NEW YORK Rangers zone.
0:26 of 3rd period - Icing by Dylan Larkin.
0:27 of 3rd period - Jamie Benn wins face-off versus Dylan Larkin in NASHVILLE Predators zone.
0:38 of 3rd period - Jared Spurgeon is hit by Pavel Zacha and loses puck.
1:07 of 3rd period - Shot by Dylan Larkin.
1:07 of 3rd period - Shot Misses the Net.
1:09 of 3rd period - Shot by Esa Lindell.
1:09 of 3rd period - Shot Misses the Net.
1:20 of 3rd period - Icing by Dylan Larkin.
1:21 of 3rd period - Brayden Schenn wins face-off versus Dylan Larkin in NASHVILLE Predators zone.
1:27 of 3rd period - Off-side.
1:28 of 3rd period - Timo Meier wins face-off versus Alex DeBrincat in neutral zone.
1:57 of 3rd period - Shot by Johnny Gaudreau.
1:57 of 3rd period - Stopped by Linus Ullmark without a rebound.
1:58 of 3rd period - Dylan Larkin wins face-off versus Jamie Benn in NEW YORK Rangers zone.
1:59 of 3rd period - Shot by Jaccob Slavin.
1:59 of 3rd period - Shot Misses the Net.
2:01 of 3rd period - Shot by Jaccob Slavin.
2:01 of 3rd period - Stopped by Linus Ullmark without a rebound.
2:02 of 3rd period - Jamie Benn wins face-off versus Aleksander Barkov in NEW YORK Rangers zone.
2:13 of 3rd period - Shot by Aleksander Barkov.
2:13 of 3rd period - Stopped by Linus Ullmark without a rebound.
2:14 of 3rd period - Jamie Benn wins face-off versus Dylan Larkin in NEW YORK Rangers zone.
2:14 of 3rd period - Jamie Benn is hit by Dylan Larkin.
2:21 of 3rd period - Icing by Conor Garland.
2:22 of 3rd period - Alex DeBrincat wins face-off versus Brayden Schenn in NEW YORK Rangers zone.
2:31 of 3rd period - Shot by Aleksander Barkov.
2:31 of 3rd period - Shot Misses the Net.
3:46 of 3rd period - Icing by Brayden Schenn.
3:47 of 3rd period - Brayden Schenn wins face-off versus Jean-Gabriel Pageau in NEW YORK Rangers zone.
4:21 of 3rd period - Icing by Travis Hamonic.
4:22 of 3rd period - Jamie Benn wins face-off versus Reilly Smith in NASHVILLE Predators zone.
4:35 of 3rd period - Shot by Jean-Gabriel Pageau.
4:35 of 3rd period - Shot Misses the Net.
4:44 of 3rd period - Icing by Justin Faulk.
4:45 of 3rd period - Aleksander Barkov wins face-off versus Jamie Benn in NEW YORK Rangers zone.
4:59 of 3rd period - Minor Penalty to Brent Burns for Roughing.
5:00 of 3rd period - Jean-Gabriel Pageau wins face-off versus Jamie Benn in NASHVILLE Predators zone.
5:15 of 3rd period - Shot by Cam Fowler.
5:15 of 3rd period - Shot Misses the Net.
5:17 of 3rd period - Shot by Cam Fowler.
5:17 of 3rd period - Stopped by Juuse Saros without a rebound.
5:18 of 3rd period - Jean-Gabriel Pageau wins face-off versus Jamie Benn in NASHVILLE Predators zone.
5:43 of 3rd period - Shot by Chris Kreider.
5:43 of 3rd period - Shot Blocked by Travis Hamonic.
6:03 of 3rd period - Andrew Copp is hit by Jimmy Vesey and loses puck.
6:13 of 3rd period - Icing by Jared Spurgeon.
6:14 of 3rd period - Jamie Benn wins face-off versus Jean-Gabriel Pageau in NEW YORK Rangers zone.
6:53 of 3rd period - Shot by Cam Fowler.
6:53 of 3rd period - Shot Blocked by Luke Schenn.
7:22 of 3rd period - Icing by Brent Burns.
7:23 of 3rd period - Dylan Larkin wins face-off versus Brayden Schenn in NASHVILLE Predators zone.
7:45 of 3rd period - Shot by Dylan Larkin.
7:45 of 3rd period - Shot Misses the Net.
7:47 of 3rd period - Shot by Jaccob Slavin.
7:47 of 3rd period - Shot Blocked by Jared Spurgeon.
7:49 of 3rd period - Shot by Pavel Zacha.
7:49 of 3rd period - Shot Misses the Net.
9:25 of 3rd period - Shot by Alex DeBrincat.
9:25 of 3rd period - Stopped by Linus Ullmark with a rebound.
9:46 of 3rd period - Shot by Jimmy Vesey.
9:46 of 3rd period - Shot Blocked by Jared Spurgeon.
10:15 of 3rd period - Off-side.
10:16 of 3rd period - Johnny Gaudreau wins face-off versus Andrew Copp in neutral zone.
10:23 of 3rd period - Off-side.
10:24 of 3rd period - Dylan Larkin wins face-off versus Jamie Benn in neutral zone.
10:35 of 3rd period - Shot by Dylan Larkin.
10:35 of 3rd period - Stopped by Linus Ullmark without a rebound.
10:36 of 3rd period - Aleksander Barkov wins face-off versus Andrew Copp in NEW YORK Rangers zone.
10:43 of 3rd period - Shot by Alex DeBrincat.
10:43 of 3rd period - Shot Blocked by Tyler Myers.
10:53 of 3rd period - Shot by Tanner Jeannot.
10:53 of 3rd period - Stopped by Linus Ullmark without a rebound.
10:54 of 3rd period - Jamie Benn wins face-off versus Dylan Larkin in NEW YORK Rangers zone.
11:12 of 3rd period - Off-side.
11:13 of 3rd period - Aleksander Barkov wins face-off versus Andrew Copp in neutral zone.
11:22 of 3rd period - Off-side.
11:23 of 3rd period - Dylan Larkin wins face-off versus Chris Kreider in neutral zone.
11:53 of 3rd period - Shot by Mats Zuccarello.
11:53 of 3rd period - Stopped by Juuse Saros without a rebound.
11:54 of 3rd period - Aleksander Barkov wins face-off versus Andrew Copp in NASHVILLE Predators zone.
12:03 of 3rd period - Shot by Tanner Jeannot.
12:03 of 3rd period - Shot Blocked by Andrew Copp.
12:15 of 3rd period - Shot by Aleksander Barkov.
12:15 of 3rd period - Goal by Aleksander Barkov - NEW YORK Rangers : 1 - NASHVILLE Predators : 4.
12:16 of 3rd period - Jean-Gabriel Pageau wins face-off versus Jamie Benn in neutral zone.
12:28 of 3rd period - Jean-Gabriel Pageau is hit by Tyler Myers and loses puck.
12:34 of 3rd period - Minor Penalty to Tyler Myers for Goalie Interference.
12:35 of 3rd period - Jamie Benn wins face-off versus Aleksander Barkov in NEW YORK Rangers zone.
14:57 of 3rd period - Shot by Jonatan Berggren.
14:57 of 3rd period - Shot Misses the Net.
14:59 of 3rd period - Shot by Luke Schenn.
14:59 of 3rd period - Shot Misses the Net.
15:08 of 3rd period - Nicholas Robertson is hit by Dante Fabbro and loses puck.
15:19 of 3rd period - Shot by Jean-Gabriel Pageau.
15:19 of 3rd period - Stopped by Linus Ullmark with a rebound.
15:24 of 3rd period - Andrew Copp is hit by Dmitry Kulikov and loses puck.
15:39 of 3rd period - Shot by Brayden Schenn.
15:39 of 3rd period - Goal by Brayden Schenn - NEW YORK Rangers : 2 - NASHVILLE Predators : 4.
15:40 of 3rd period - Casey Cizikas wins face-off versus Tanner Jeannot in neutral zone.
16:07 of 3rd period - Shot by Jaccob Slavin.
16:07 of 3rd period - Shot Misses the Net.
16:09 of 3rd period - Shot by Alex DeBrincat.
16:09 of 3rd period - Stopped by Linus Ullmark without a rebound.
16:09 of 3rd period - Minor Penalty to Tyler Myers for Holding.
16:10 of 3rd period - Dylan Larkin wins face-off versus Jamie Benn in NEW YORK Rangers zone.
16:35 of 3rd period - Shot by Brent Burns.
16:35 of 3rd period - Stopped by Linus Ullmark with a rebound.
17:11 of 3rd period - Shot by Johnny Gaudreau.
17:11 of 3rd period - Shot Misses the Net.
17:22 of 3rd period - Icing by Alex DeBrincat.
17:23 of 3rd period - Jamie Benn wins face-off versus Aleksander Barkov in NASHVILLE Predators zone.
17:23 of 3rd period - Jamie Benn is hit by Esa Lindell.
17:29 of 3rd period - Shot by Chris Kreider.
17:29 of 3rd period - Shot Misses the Net.
17:37 of 3rd period - Shot by Alex DeBrincat.
17:37 of 3rd period - Shot Misses the Net.
17:39 of 3rd period - Shot by Travis Hamonic.
17:39 of 3rd period - Stopped by Linus Ullmark without a rebound.
17:40 of 3rd period - Dylan Larkin wins face-off versus Brayden Schenn in NEW YORK Rangers zone.
17:51 of 3rd period - Shot by Brent Burns.
17:51 of 3rd period - Stopped by Linus Ullmark with a rebound.
18:05 of 3rd period - Shot by Pavel Zacha.
18:05 of 3rd period - Stopped by Linus Ullmark without a rebound.
18:06 of 3rd period - Jamie Benn wins face-off versus Johnny Gaudreau in NEW YORK Rangers zone.
19:05 of 3rd period - Shot by Conor Garland.
19:05 of 3rd period - Stopped by Juuse Saros with a rebound.
19:07 of 3rd period - Shot by Brayden Schenn.
19:07 of 3rd period - Shot Blocked by Dmitry Kulikov.
19:09 of 3rd period - Shot by Timo Meier.
19:09 of 3rd period - Deflect By Conor Garland.
19:09 of 3rd period - Shot Blocked by Dmitry Kulikov.
19:11 of 3rd period - Shot by Brayden Schenn.
19:11 of 3rd period - Deflect By Timo Meier.
19:11 of 3rd period - Shot Misses the Net.
19:19 of 3rd period - Shot by Conor Garland.
19:19 of 3rd period - Stopped by Juuse Saros without a rebound.
19:20 of 3rd period - Jamie Benn wins face-off versus Aleksander Barkov in NASHVILLE Predators zone.
19:21 of 3rd period - Shot by Jared Spurgeon.
19:21 of 3rd period - Goal by Jared Spurgeon - NEW YORK Rangers : 3 - NASHVILLE Predators : 4.
19:22 of 3rd period - Jamie Benn wins face-off versus Aleksander Barkov in neutral zone.
19:25 of 3rd period - NEW YORK Rangers, Linus Ullmark is pulled from the net.
19:27 of 3rd period - Shot by Jared Spurgeon.
19:27 of 3rd period - Shot Blocked by Reilly Smith.
19:29 of 3rd period - Shot by Jamie Benn.
19:29 of 3rd period - Stopped by Juuse Saros with a rebound.
19:31 of 3rd period - Shot by Chris Kreider.
19:31 of 3rd period - Shot Misses the Net.
19:33 of 3rd period - Shot by Jared Spurgeon.
19:33 of 3rd period - Shot Misses the Net.
19:35 of 3rd period - Shot by Jamie Benn.
19:35 of 3rd period - Stopped by Juuse Saros without a rebound.
19:36 of 3rd period - Andrew Copp wins face-off versus Aleksander Barkov in NASHVILLE Predators zone.
19:39 of 3rd period - Shot by Chris Kreider.
19:39 of 3rd period - Shot Blocked by Brent Burns.
Goals for this period are 2 for NEW YORK Rangers vs 1 for NASHVILLE Predators.
Shots for this period are 8 for NEW YORK Rangers vs 13 for NASHVILLE Predators. Output by the SimonT Hockey Simulator (STHS) for Martin Benoit - Original Page W3C HTML5 Valid
Hockey Simulator - Hockey Simulation - Hockey Manager